[Event "42nd Olympiad Baku 2016 Open"]
[Site "Baku"]
[Date "2016.09.03"]
[Round "2.5"]
[White "Sanon, Mondoly"]
[Black "Arias, Daniel"]
[Result "1/2-1/2"]
[ECO "B90"]
[WhiteElo "2036"]
[BlackElo "2285"]
[Annotator ""]
[PlyCount "89"]
[EventDate "2016.??.??"]
[EventCountry "AZE"]
[SourceTitle "playchess.com"]
[Source "ChessBase"]
[WhiteTeam "Haiti"]
[BlackTeam "El Salvador"]
[WhiteTeamCountry "HAI"]
[BlackTeamCountry "ESA"]
[TimeControl "40/5400+30:1800+30"]

1. e4 {(00:00)} c5 {(01:04)} 2. Nf3 {(00:08)} d6 {(
00:04)} 3. Nc3 {(00:40)} a6 {(02:05)} 4. d4 {(00:43)} cxd4
{(05:06)} 5. Nxd4 {(00:20)} Nf6 {(00:05)} 6. Bd3 {(
01:04)} e5 {(07:31)} 7. Nb3 {(00:50)} Be6 {(02:57)} 8. Bg5
{(00:21)} Nbd7 {(00:44)} 9. O-O {(00:18)} Be7 {(00:
39)} 10. Qe2 {(05:47)} h6 {(02:42)} 11. Bxf6 Nxf6 12. Bc4 {
(07:24)} b5 {(01:54)} 13. Bd3 {(03:43)} O-O {(00:
27)} 14. Nd2 {(01:32)} Qc7 {(08:41)} 15. a3 {(00:41)} Rac8
{(07:21)} 16. h3 {(01:52)} Rfe8 {(08:29)} 17. Qf3 {
(05:38)} Qa5 {(09:26)} 18. Rfd1 {(02:24)} Qb6 {(03:
28)} 19. Nf1 {(01:53)} Bf8 {(04:46)} 20. Ne3 {(00:55)} Qd8
{(01:23)} 21. Rac1 {(12:09)} Rc5 {(02:21)} 22. Ne2 {
(09:03)} d5 {(03:09)} 23. Ng3 {(01:12)} d4 {(03:20]
} 24. Nef1 {(01:44)} Qc7 {(07:42)} 25. Nf5 {(03:13)} Nh7 {
(01:05)} 26. N5g3 {(09:57)} g6 {(00:41)} 27. Nh2 {(
00:45)} Bg7 {(00:41)} 28. Qe2 {(04:03)} Rc8 {(00:41)} 29.
Qd2 {(01:26)} Nf6 {(00:54)} 30. Ne2 {(00:53)} Qb7 {
(03:31)} 31. f3 {(01:54)} R5c7 {(01:30)} 32. Ng4 {(
01:53)} Nxg4 {(02:54)} 33. hxg4 {(02:12)} Rc5 {(02:52)}
34. Kf2 {(01:59)} Qc7 {(00:14)} 35. g3 {(01:15)} g5 {
(02:07)} 36. c3 {(01:44)} dxc3 {(00:37)} 37. Rxc3 {
(00:21)} Rxc3 {(01:10)} 38. Nxc3 {(00:11)} Bf8 {(
00:08)} 39. Nd5 {(02:46)} Qc5+ {(00:17)} 40. Kg2 {(00:07)}
Kg7 {(00:15)} 41. Ne3 {(02:29)} Rd8 {(01:27)} 42. Qe2 {
(00:37)} Bb3 {(02:46)} 43. Bc2 {(04:37)} Rxd1 {(00:
20)} 44. Bxd1 {(00:04)} Be6 {(00:37)} 45. Qd2 {(03:37)}
1/2-1/2

[Event "42nd Olympiad Baku 2016 Open"]
[Site "Baku"]
[Date "2016.09.03"]
[Round "2.29"]
[White "Santos da Costa, Jose Manuel"]
[Black "Ismael, Namir Mohammed Isma"]
[Result "1-0"]
[ECO "A25"]
[WhiteElo "1960"]
[BlackElo "2161"]
[Annotator ""]
[PlyCount "61"]
[EventDate "2016.??.??"]
[EventCountry "AZE"]
[SourceTitle "playchess.com"]
[Source "ChessBase"]
[WhiteTeam "STP"]
[BlackTeam "Iraq"]
[BlackTeamCountry "IRQ"]
[TimeControl "40/5400+30:1800+30"]

1. c4 {(00:00)} e5 {(00:00)} 2. Nc3 {(00:00)} Nc6 {
(00:20)} 3. g3 {(00:00)} f5 {(01:18)} 4. d3 {(00:
14)} Nf6 {(00:41)} 5. Bg2 {(00:06)} Bc5 {(09:18)} 6. e3 {
(10:11)} f4 {(03:32)} 7. gxf4 {(06:13)} d6 {(17:36]
} 8. Bxc6+ {(14:30)} bxc6 {(00:57)} 9. Qa4 {(00:07)} O-O {
(12:35)} 10. b4 {(15:09)} Bf5 {(44:08)} 11. bxc5 {(
03:16)} Bxd3 {(00:16)} 12. Nge2 {(01:35)} Qd7 {(03:00)}
13. h3 {(00:46)} Rab8 {(01:23)} 14. Ba3 {(00:53)} Nh5 {
(01:06)} 15. cxd6 {(01:04)} cxd6 {(00:30)} 16. O-O-O {
(01:33)} e4 {(00:36)} 17. Kd2 {(06:27)} Qe6 {(00:
35)} 18. Nd4 {(00:48)} Qf7 {(00:26)} 19. Bxd6 {(05:16)}
Rb2+ {(00:21)} 20. Kc1 {(00:10)} Qb7 {(00:44)} 21. Bxf8 {
(01:14)} Rb1+ {(00:35)} 22. Nxb1 {(00:26)} Qxb1+ {(
00:06)} 23. Kd2 {(00:07)} Qb2+ {(00:08)} 24. Nc2 {(01:01)}
Qf6 {(01:15)} 25. Bc5 {(00:20)} Qh4 {(00:32)} 26. Rdf1 {
(00:39)} Bxf1 {(00:27)} 27. Rxf1 {(00:01)} Qxh3 {(
00:22)} 28. Qxc6 {(01:05)} Nf6 {(00:27)} 29. Qa8+ {(00:46]
} Kf7 {(00:41)} 30. Qf8+ {(00:07)} Kg6 {(00:33)} 31. Rg1+
{(00:10)} 1-0

[Event "42nd Olympiad Baku 2016 Open"]
[Site "Baku"]
[Date "2016.09.03"]
[Round "2.20"]
[White "Schenaoui Nabil"]
[Black "Martis, Valentino"]
[Result "1-0"]
[ECO "D02"]
[WhiteElo "2150"]
[BlackElo "1917"]
[Annotator ""]
[PlyCount "109"]
[EventDate "2016.??.??"]
[EventCountry "AZE"]
[SourceTitle "playchess.com"]
[Source "ChessBase"]
[WhiteTeam "Tunisia"]
[BlackTeam "Netherlands Antilles"]
[WhiteTeamCountry "TUN"]
[BlackTeamCountry "AHO"]
[TimeControl "40/5400+30:1800+30"]

1. d4 {(00:00)} d5 {(00:00)} 2. Bf4 {(00:11)} Nf6 {
(00:14)} 3. Nf3 {(00:53)} c5 {(00:41)} 4. e3 {(01:
32)} Qb6 {(02:21)} 5. Nc3 {(05:36)} Bd7 {(05:47)} 6. Rb1 {
(11:31)} e6 {(06:00)} 7. a3 {(00:44)} cxd4 {(10:27]
} 8. exd4 {(00:57)} Be7 {(03:39)} 9. Bd3 {(00:39)} O-O {
(03:18)} 10. h3 {(00:29)} Rc8 {(02:42)} 11. O-O {(
00:16)} Qd8 {(05:14)} 12. Bd2 {(07:43)} a6 {(04:07)} 13.
Ne5 {(03:32)} Bc6 {(03:50)} 14. Qf3 {(00:19)} Nbd7 {
(08:47)} 15. Rfe1 {(01:57)} Nxe5 {(07:03)} 16. Rxe5 {
(00:47)} Ne4 {(03:11)} 17. Nxe4 {(07:02)} dxe4 {(
00:08)} 18. Bxe4 {(00:10)} Bxe4 {(02:22)} 19. Rxe4 {(00:
03)} Rxc2 {(11:29)} 20. Bc3 {(00:31)} Qb6 {(00:34)} 21.
Qd1 {(07:19)} Rxc3 {(10:26)} 22. bxc3 {(00:03)} Qc6 {
(00:18)} 23. Re3 {(00:27)} Bg5 {(04:29)} 24. Rf3 {(
00:15)} Qe4 {(01:33)} 25. a4 {(02:38)} Rd8 {(00:27)} 26.
Qb3 {(00:16)} Rd7 {(00:28)} 27. Kf1 {(01:11)} Qc6 {
(00:28)} 28. Re1 {(02:14)} Rd5 {(00:39)} 29. Rb1 {(
02:32)} b5 {(00:33)} 30. axb5 {(03:01)} Rxb5 {(00:02)} 31.
Qc2 {(00:15)} Qc4+ {(00:11)} 32. Kg1 {(00:01)} Bf6 {
(01:06)} 33. Rxb5 {(00:38)} axb5 {(00:34)} 34. Qe4 {
(00:23)} h6 {(00:34)} 35. Qd3 {(02:44)} Qb3 {(00:
20)} 36. Qe4 {(02:31)} Qc4 {(00:44)} 37. Qa8+ {(00:39)}
Kh7 {(00:01)} 38. Qa7 {(01:43)} Kg8 {(00:21)} 39. Qc5 {
(01:11)} Qb3 {(00:20)} 40. g3 {(00:00)} Qb1+ {(00:
00)} 41. Kg2 {(02:01)} Qb3 {(05:29)} 42. h4 {(00:09)} Bd8
{(03:01)} 43. Qc8 {(01:27)} Qd5 {(00:27)} 44. Qc5 {
(00:37)} Qb7 {(04:02)} 45. Qe5 {(05:01)} g5 {(06:
00)} 46. hxg5 {(01:47)} hxg5 {(01:48)} 47. g4 {(00:39)}
Qc6 {(04:59)} 48. Qe3 {(01:18)} f6 {(00:45)} 49. Kg1 {
(00:20)} Kg7 {(01:26)} 50. Rh3 {(00:32)} Qa6 {(03:
47)} 51. Qe4 {(01:33)} Qa1+ {(00:26)} 52. Kg2 {(00:14)} f5
{(04:29)} 53. gxf5 {(00:42)} exf5 {(00:52)} 54. Qxf5 {
(01:04)} Qa8+ {(00:28)} 55. d5 {(00:08)} 1-0

[Event "42nd Olympiad Baku 2016 Open"]
[Site "Baku"]
[Date "2016.09.03"]
[Round "2.35"]
[White "Sie Thu"]
[Black "Pang Yui Kuen"]
[Result "0-1"]
[ECO "B07"]
[WhiteElo "2148"]
[BlackElo "1963"]
[Annotator ""]
[PlyCount "162"]
[EventDate "2016.??.??"]
[EventCountry "AZE"]
[SourceTitle "playchess.com"]
[Source "ChessBase"]
[WhiteTeam "Myanmar"]
[BlackTeam "Hong Kong"]
[WhiteTeamCountry "MYA"]
[BlackTeamCountry "HKG"]
[TimeControl "40/5400+30:1800+30"]

1. e4 {(00:00)} d6 {(00:18)} 2. d4 {(00:00)} c6 {(
00:09)} 3. Nc3 {(00:12)} Nf6 {(00:06)} 4. f4 {(01:19)} b5
{(11:41)} 5. a3 {(03:03)} Qa5 {(09:15)} 6. Bd2 {(
02:20)} Qb6 {(00:33)} 7. Nf3 {(01:21)} Bg4 {(00:07)} 8.
Be3 {(01:55)} e6 {(15:36)} 9. Qd3 {(00:46)} Bxf3 {(
01:12)} 10. gxf3 {(00:16)} d5 {(06:42)} 11. Bh3 {(04:41)}
Na6 {(08:32)} 12. O-O {(01:42)} g6 {(05:31)} 13. Kh1 {
(00:48)} Bg7 {(00:27)} 14. Rg1 {(04:47)} O-O {(09:
28)} 15. a4 {(06:06)} b4 {(01:35)} 16. Ne2 {(01:41)} Rfd8
{(01:11)} 17. e5 {(01:04)} Ne8 {(01:48)} 18. Ng3 {(
01:39)} c5 {(01:32)} 19. a5 {(14:53)} Qc6 {(00:25)} 20. f5
{(00:45)} cxd4 {(00:24)} 21. Bxd4 {(01:00)} Nac7 {(
01:01)} 22. fxg6 {(08:20)} hxg6 {(01:23)} 23. f4 {(01:39)}
Qc4 {(01:28)} 24. Bf1 {(08:21)} Nb5 {(04:33)} 25. Be3 {
(09:25)} Rac8 {(05:13)} 26. b3 {(02:11)} Qxd3 {(01:
46)} 27. Bxd3 {(00:09)} Nc3 {(00:51)} 28. Bxa7 {(00:56)}
Rd7 {(01:13)} 29. Bb6 {(01:28)} Bf8 {(00:12)} 30. f5 {
(00:49)} exf5 {(00:58)} 31. Nxf5 {(00:27)} Bc5 {(
01:09)} 32. e6 {(01:06)} fxe6 {(00:45)} 33. Rxg6+ {(00:31]
} Kf7 {(04:59)} 34. Nh6+ {(00:17)} Ke7 {(00:06)} 35. Re1 {
(00:30)} Ne4 {(00:50)} 36. Bxc5+ {(02:43)} Rxc5 {(
01:48)} 37. a6 {(00:52)} N8f6 {(00:44)} 38. Kg2 {(01:12)}
Kd6 {(01:29)} 39. Ra1 {(04:01)} Ra7 {(00:16)} 40. Ra4 {
(00:00)} Nh5 {(00:00)} 41. Kf3 {(03:14)} Rc3 {(04:
39)} 42. Rxb4 {(13:06)} Rxa6 {(01:14)} 43. Rxe4 {(00:22)}
dxe4+ {(00:34)} 44. Kxe4 {(00:09)} Ra5 {(06:14)} 45. Nf7+
{(00:30)} Ke7 {(00:14)} 46. Ne5 {(04:25)} Rc8 {(03:
10)} 47. Rg5 {(05:56)} Nf6+ {(00:31)} 48. Kf3 {(01:30)}
Ra1 {(03:41)} 49. Rg7+ {(00:38)} Kd6 {(00:59)} 50. Nc4+ {
(00:24)} Kc5 {(00:33)} 51. Rg5+ {(06:07)} Kb4 {(03:
26)} 52. Ne5 {(05:09)} Rh8 {(00:59)} 53. Kg2 {(01:31)} Rd1
{(00:38)} 54. Nf3 {(00:14)} Nd5 {(00:40)} 55. Kg3 {
(00:59)} Kc3 {(02:59)} 56. h4 {(00:16)} Nb4 {(00:
32)} 57. Rc5+ {(00:35)} Kb2 {(00:10)} 58. Bg6 {(00:17)}
Rc1 {(00:49)} 59. Ne5 {(01:55)} Rf8 {(03:18)} 60. h5 {
(01:44)} Rg1+ {(00:32)} 61. Kh2 {(00:20)} Rff1 {(
01:15)} 62. Nf3 {(01:57)} Rg4 {(00:54)} 63. Ne5 {(01:08)}
Rgg1 {(00:07)} 64. Be4 {(00:53)} Rg8 {(03:10)} 65. h6 {
(00:51)} Rf4 {(00:16)} 66. Bg6 {(00:57)} Rh4+ {(00:
30)} 67. Kg3 {(00:56)} Rxh6 {(00:04)} 68. Kf4 {(02:08)}
Rhxg6 {(00:37)} 69. Nxg6 {(00:03)} Rxg6 {(00:06)} 70. Ke4
{(00:15)} Nxc2 {(00:22)} 71. Rc6 {(00:32)} Nb4 {(
00:50)} 72. Rb6 {(00:11)} Kc3 {(00:21)} 73. Ke5 {(00:24)}
Nd3+ {(00:16)} 74. Ke4 {(00:04)} Nc5+ {(00:59)} 75. Ke3 {
(00:25)} Nxb3 {(00:44)} 76. Rc6+ {(00:02)} Kb4 {(
00:16)} 77. Ke4 {(00:06)} Nc5+ {(00:36)} 78. Ke5 {(00:10)}
Kc4 {(00:33)} 79. Rc8 {(00:40)} Rg5+ {(00:35)} 80. Kf4 {
(01:26)} Rf5+ {(00:20)} 81. Ke3 {(00:02)} e5 {(00:
20] Kd4+} 0-1

[Event "42nd Olympiad Baku 2016 Open"]
[Site "Baku"]
[Date "2016.09.03"]
[Round "2.35"]
[White "Soares, Erikson Roberto Mau"]
[Black "Dempsey, John"]
[Result "1-0"]
[ECO "E67"]
[WhiteElo "2274"]
[BlackElo "1952"]
[Annotator ""]
[PlyCount "73"]
[EventDate "2016.??.??"]
[EventCountry "AZE"]
[SourceTitle "playchess.com"]
[Source "ChessBase"]
[WhiteTeam "Angola"]
[BlackTeam "U.S. Virgin Islands"]
[WhiteTeamCountry "ANG"]
[BlackTeamCountry "ISV"]
[TimeControl "40/5400+30:1800+30"]

1. Nf3 {(00:00)} Nf6 {(00:00)} 2. g3 {(00:00)} g6 {
(00:00)} 3. Bg2 {(00:00)} Bg7 {(00:00)} 4. c4 {(00:
00)} O-O {(00:00)} 5. O-O {(00:13)} d6 {(00:05)} 6. d4 {
(00:05)} Nbd7 {(00:07)} 7. Nc3 {(00:15)} e5 {(00:
45)} 8. h3 {(01:08)} c6 {(03:28)} 9. e4 {(01:58)} Qc7 {
(06:56)} 10. Re1 {(01:49)} Rd8 {(01:35)} 11. Bg5 {(
02:53)} h6 {(00:25)} 12. Be3 {(00:05)} Nf8 {(01:51)} 13.
Qc2 {(08:18)} g5 {(05:50)} 14. d5 {(08:40)} c5 {(
01:24)} 15. Nd2 {(03:42)} Ng6 {(01:01)} 16. b4 {(01:45)}
b6 {(01:11)} 17. Nb5 {(08:02)} Qe7 {(01:16)} 18. bxc5 {
(01:46)} bxc5 {(00:05)} 19. Nb3 {(01:27)} a6 {(01:
40)} 20. Nc3 {(00:25)} a5 {(00:29)} 21. a4 {(00:50)} g4 {
(04:50)} 22. h4 {(00:55)} Nh5 {(00:10)} 23. Ne2 {(
13:16)} Nxh4 {(06:18)} 24. gxh4 {(00:17)} Qxh4 {(00:08)}
25. Qd2 Kh7 {(03:49)} 26. Ng3 {(10:03)} Nf4 {(02:41)} 27.
Bxf4 {(00:35)} exf4 {(00:16)} 28. Qxf4 {(00:02)} Bxa1 {
(00:09)} 29. Nxa1 {(01:48)} f6 {(02:00)} 30. e5 {(
07:53)} Qg5 {(13:27)} 31. Qxg5 {(01:25)} hxg5 {(00:47)}
32. exd6 {(01:14)} f5 {(01:32)} 33. Nb3 {(00:45)} Rxd6 {
(01:31)} 34. Nxc5 {(00:10)} Kg6 {(01:54)} 35. Nd3 {
(01:50)} Ba6 {(06:11)} 36. Ne5+ {(00:21)} Kf6 {(00:
27)} 37. Nh5+ {(00:30)} 1-0

[Event "42nd Olympiad Baku 2016 Open"]
[Site "Baku"]
[Date "2016.09.03"]
[Round "2.27"]
[White "Sohib, Okla"]
[Black "Koster, Jeroen Louis"]
[Result "1-0"]
[ECO "A40"]
[WhiteElo "2153"]
[BlackElo "1879"]
[Annotator ""]
[PlyCount "77"]
[EventDate "2016.??.??"]
[EventCountry "AZE"]
[SourceTitle "playchess.com"]
[Source "ChessBase"]
[WhiteTeam "Syria"]
[BlackTeam "Mauritius"]
[WhiteTeamCountry "SYR"]
[BlackTeamCountry "MRI"]
[TimeControl "40/5400+30:1800+30"]

1. d4 {(00:00)} e6 {(02:34)} 2. Nf3 {(00:24)} Nf6 {
(00:53)} 3. g3 {(00:10)} c5 {(02:36)} 4. Bg2 {(00:
08)} d5 {(06:01)} 5. O-O {(00:13)} Nc6 {(05:14)} 6. c4 {
(01:01)} dxc4 {(08:43)} 7. Ne5 {(05:03)} Nxe5 {(08:
31)} 8. dxe5 {(05:19)} Qxd1 {(07:53)} 9. Rxd1 {(02:09)}
Nd5 {(00:16)} 10. Na3 {(02:48)} Bd7 {(00:08)} 11. Nxc4 {
(01:18)} Bb5 {(14:07)} 12. Nd6+ {(20:34)} Bxd6 {(
00:04)} 13. exd6 {(00:03)} Bc6 {(10:59)} 14. e4 {(06:39)}
Nf6 {(06:12)} 15. Bg5 {(04:56)} Nd7 {(00:09)} 16. Be7 {
(04:12)} b6 {(07:58)} 17. Rac1 {(07:47)} f6 {(04:
10)} 18. f4 {(03:03)} Kf7 {(00:26)} 19. Kf2 {(06:56)} h5 {
(00:44)} 20. h4 {(02:13)} a6 {(01:34)} 21. Bf3 {(
03:14)} g6 {(00:28)} 22. Rd2 {(11:18)} Ra7 {(00:20)} 23.
b4 {(02:50)} a5 {(00:47)} 24. bxc5 {(01:41)} Nxc5 {
(01:04)} 25. Ke3 {(01:10)} Bd7 {(03:18)} 26. e5 {(
04:01)} f5 {(00:38)} 27. Rb2 {(00:50)} Na4 {(01:47)} 28.
Rbc2 {(00:06)} Nc5 {(01:41)} 29. Rb1 {(00:22)} Na4 {
(01:17)} 30. Bc6 {(00:20)} Bxc6 {(02:03)} 31. Rxc6 {
(00:03)} Rb8 {(00:29)} 32. Rc4 {(00:20)} b5 {(01:
36)} 33. Rxa4 {(00:20)} b4 {(00:05)} 34. Rb3 {(02:06)} Rc8
{(01:18)} 35. Bf6 {(00:58)} Ke8 {(00:13)} 36. Rbxb4 {
(00:29)} Rca8 {(00:54)} 37. Rb5 {(00:28)} Kd7 {(00:
01)} 38. Rc4 {(00:58)} a4 {(01:05)} 39. Rbc5 {(00:15)} 1-0

[Event "42nd Olympiad Baku 2016 Open"]
[Site "Baku"]
[Date "2016.09.03"]
[Round "2.29"]
[White "Solak, Dragan"]
[Black "Obodchuk, Andrei"]
[Result "1-0"]
[ECO "B31"]
[WhiteElo "2635"]
[BlackElo "2402"]
[Annotator ""]
[PlyCount "209"]
[EventDate "2016.??.??"]
[EventCountry "AZE"]
[SourceTitle "playchess.com"]
[Source "ChessBase"]
[WhiteTeam "Turkey"]
[BlackTeam "IPCA"]
[WhiteTeamCountry "TUR"]
[BlackTeamCountry "RUS"]
[TimeControl "40/5400+30:1800+30"]

1. e4 {(00:00)} c5 {(00:00)} 2. Nf3 {(00:00)} Nc6 {
(00:00)} 3. Bb5 {(00:05)} g6 {(00:28)} 4. Bxc6 {(
02:38)} bxc6 {(00:17)} 5. O-O {(01:00)} Bg7 {(00:15)} 6.
Re1 {(06:55)} Nh6 {(01:04)} 7. c3 {(00:36)} O-O {(
04:48)} 8. d4 {(00:26)} Qb6 {(03:52)} 9. b3 {(05:03)} cxd4
{(08:48)} 10. cxd4 {(00:50)} f6 {(02:31)} 11. Nc3 {
(07:06)} d6 {(00:52)} 12. h3 {(10:53)} Nf7 {(02:58]
} 13. Bb2 {(01:04)} e5 {(30:08)} 14. Rc1 {(01:26)} Qa6 {
(02:21)} 15. Rc2 {(06:29)} Bd7 {(01:24)} 16. Bc1 {(
11:19)} Rad8 {(01:36)} 17. dxe5 {(03:03)} dxe5 {(03:29)}
18. Qe2 {(02:05)} Qxe2 {(02:40)} 19. Rexe2 {(01:51)} Rfe8
{(01:15)} 20. Be3 {(01:40)} Ra8 {(06:00)} 21. Red2 {
(05:17)} Red8 {(00:51)} 22. Na4 {(03:08)} Bf8 {(04:
31)} 23. Bc5 {(06:58)} Be8 {(01:08)} 24. Rxd8 {(02:27)}
Nxd8 {(00:15)} 25. Bxf8 {(00:18)} Kxf8 {(00:06)} 26. Nc5 {
(00:07)} Ke7 {(00:15)} 27. Ne1 {(05:20)} Ne6 {(02:
28)} 28. Nxe6 {(00:10)} Kxe6 {(00:04)} 29. Kf1 {(00:20)}
Rd8 {(00:43)} 30. Ke2 {(00:11)} Rd4 {(00:40)} 31. f3 {
(00:37)} Kd7 {(01:40)} 32. Nd3 {(00:38)} Kc7 {(00:
23)} 33. Ke3 {(00:34)} Rd8 {(01:22)} 34. h4 {(01:57)} h6 {
(04:13)} 35. g4 {(02:46)} g5 {(00:30)} 36. Rh2 {(
00:42)} Kd6 {(01:47)} 37. Kd2 {(07:09)} Bf7 {(01:41)} 38.
Kc3 {(01:59)} Ke7 {(02:36)} 39. Rh1 {(02:47)} Rb8 {
(01:51)} 40. hxg5 {(00:00)} hxg5 {(00:00)} 41. Nb4 {
(03:00)} Rc8 {(01:08)} 42. Nc2 {(01:37)} Rd8 {(11:
24)} 43. Ne3 {(01:27)} Bg6 {(00:49)} 44. Rh2 {(04:19)} Ke6
{(02:09)} 45. b4 {(02:24)} Ra8 {(02:02)} 46. a4 {(
01:45)} Rd8 {(01:06)} 47. Rh1 {(02:38)} Ke7 {(01:09)} 48.
b5 {(06:59)} cxb5 {(06:08)} 49. axb5 {(00:12)} Be8 {
(04:02)} 50. Nf5+ {(06:16)} Ke6 {(00:14)} 51. Rh8 {
(00:49)} Kf7 {(08:24)} 52. Rh7+ {(00:48)} Kf8 {(00:
02)} 53. Rb7 {(01:53)} Rd7 {(01:14)} 54. Rb8 {(00:17)} Kf7
{(00:56)} 55. Kb4 {(01:07)} Rd3 {(00:57)} 56. Rb7+ {
(00:40)} Rd7 {(01:00)} 57. Nd6+ {(02:00)} Kf8 {(00:
52)} 58. Kc5 {(01:44)} Rxb7 {(00:13)} 59. Nxb7 {(00:01)}
Ke7 {(01:47)} 60. Na5 {(00:52)} Kd8 {(00:27)} 61. Nc6+ {
(00:59)} Bxc6 {(00:35)} 62. Kxc6 {(00:04)} Kc8 {(
00:07)} 63. Kd6 {(00:26)} Kb7 {(00:26)} 64. Ke6 {(00:11)}
Kb6 {(00:04)} 65. Kxf6 {(00:02)} Kxb5 {(00:04)} 66. Kxe5 {
(01:40)} a5 {(00:42)} 67. Kd6 {(00:41)} a4 {(00:06]
} 68. e5 {(00:03)} a3 {(00:03)} 69. e6 {(00:03)} a2 {
(00:03)} 70. e7 {(00:01)} a1=Q {(00:21)} 71. e8=Q+ {
(00:04)} Kc4 {(00:54)} 72. Qe4+ {(01:37)} Kb3 {(00:
28)} 73. Qd3+ {(00:45)} Kb4 {(00:24)} 74. Qd2+ {(00:16)}
Kc4 {(00:43)} 75. Qd5+ {(00:45)} Kb4 {(00:02)} 76. Qc5+ {
(00:45)} Kb3 {(00:07)} 77. Qxg5 {(00:52)} Qa6+ {(
01:06)} 78. Ke5 {(00:16)} Qa5+ {(00:16)} 79. Kf6 {(00:31)}
Qd8+ {(01:51)} 80. Kg6 {(00:05)} Qg8+ {(00:50)} 81. Kh5 {
(00:12)} Qf7+ {(00:22)} 82. Qg6 {(00:24)} Qxf3 {(
00:07)} 83. Qf5 {(00:43)} Qd1 {(00:59)} 84. Qe6+ {(00:55)}
Kb2 {(00:21)} 85. Kh6 {(00:41)} Qh1+ {(00:18)} 86. Kg6 {
(00:14)} Qd1 {(01:54)} 87. g5 {(00:06)} Qc2+ {(00:
34)} 88. Kg7 {(00:17)} Qc7+ {(01:09)} 89. Qf7 {(00:12)}
Qg3 {(00:26)} 90. g6 {(00:10)} Kb1 {(00:05)} 91. Qf5+ {
(00:34)} Ka2 {(00:07)} 92. Qa5+ {(00:27)} Kb1 {(00:
16)} 93. Qb6+ {(00:21)} Ka2 {(00:07)} 94. Kg8 {(00:36)}
Qe5 {(00:35)} 95. Qa7+ {(00:58)} Kb1 {(00:08)} 96. Qb7+ {
(00:14)} Ka2 {(00:09)} 97. Qf7+ {(00:25)} Kb1 {(00:
07)} 98. Qf1+ {(00:17)} Ka2 {(00:06)} 99. g7 {(00:28)} Qe4
{(02:02)} 100. Qa6+ {(01:11)} Kb1 {(00:14)} 101. Qf1+ {
(01:12)} Ka2 {(00:06)} 102. Qf2+ {(00:13)} Kb1 {(
00:14)} 103. Qg1+ {(00:09)} Ka2 {(00:06)} 104. Qh2+ {(00:
05)} Kb1 {(00:06)} 105. Qh7 {(00:09)} 1-0

[Event "42nd Olympiad Baku 2016 Open"]
[Site "Baku"]
[Date "2016.09.03"]
[Round "2.23"]
[White "Soriano, Rudolph P"]
[Black "Ermeni, Avni"]
[Result "0-1"]
[ECO "A05"]
[WhiteElo "1787"]
[BlackElo "2270"]
[Annotator ""]
[PlyCount "130"]
[EventDate "2016.??.??"]
[EventCountry "AZE"]
[SourceTitle "playchess.com"]
[Source "ChessBase"]
[WhiteTeam "GUM"]
[BlackTeam "Kosovo"]
[BlackTeamCountry "KOS"]
[TimeControl "40/5400+30:1800+30"]

1. Nf3 {(00:00)} Nf6 {(00:00)} 2. g3 {(00:28)} b5 {
(00:24)} 3. Bg2 {(00:49)} Bb7 {(00:02)} 4. O-O {(
00:22)} e6 {(00:03)} 5. b3 {(00:23)} d6 {(02:51)} 6. d3 {
(00:56)} Be7 {(00:58)} 7. Bb2 {(00:14)} O-O {(00:
16)} 8. e4 {(00:58)} Nbd7 {(01:18)} 9. Nc3 {(00:24)} a6 {
(01:30)} 10. Nh4 {(02:54)} Ne8 {(06:43)} 11. Qg4 {(
01:54)} Ne5 {(00:23)} 12. Qe2 {(06:45)} Bxh4 {(03:23)} 13.
gxh4 {(00:02)} Qxh4 {(02:26)} 14. f4 {(01:28)} Ng6 {
(04:43)} 15. Qe3 {(04:25)} Nf6 {(03:37)} 16. h3 {(
01:32)} Qh6 {(10:05)} 17. Rae1 {(02:38)} e5 {(04:43)} 18.
fxe5 {(02:18)} Qxe3+ {(01:06)} 19. Rxe3 {(00:12)} dxe5 {
(02:58)} 20. Ne2 {(00:47)} Nd7 {(11:00)} 21. Ng3 {(
00:54)} Rfe8 {(07:16)} 22. Nf5 {(01:02)} f6 {(01:33)} 23.
Kh2 {(00:49)} Ndf8 {(00:49)} 24. Rg3 {(00:47)} Ne6 {
(00:56)} 25. h4 {(00:42)} Ngf4 {(00:17)} 26. Bf3 {(
01:50)} g6 {(09:39)} 27. Rfg1 {(01:39)} Kf7 {(02:08)} 28.
Nh6+ {(01:39)} Ke7 {(01:10)} 29. Ng4 {(00:39)} c5 {
(02:08)} 30. Bd1 {(00:40)} Rad8 {(01:05)} 31. Ne3 {
(01:16)} Nd4 {(03:24)} 32. Bxd4 {(01:39)} cxd4 {(
00:21)} 33. Nf5+ {(01:36)} Kd7 {(01:40)} 34. Nh6 {(00:53)}
Kc7 {(01:18)} 35. Rf1 {(01:03)} Rd6 {(02:04)} 36. Nf7 {
(02:45)} Rc6 {(00:35)} 37. Rf2 {(01:15)} Bc8 {(00:
10)} 38. Nh6 {(00:29)} Bd7 {(01:04)} 39. Ng4 {(01:23)}
Bxg4 {(03:03)} 40. Rxg4 {(00:00)} Kd6 {(00:00)} 41. a3 {
(02:03)} a5 {(02:09)} 42. Rg1 {(01:48)} Rc3 {(00:
15)} 43. Bg4 {(01:50)} Re7 {(00:20)} 44. Rb1 {(00:56)}
Rec7 {(07:45)} 45. Bd1 {(00:47)} h5 {(01:10)} 46. Ra1 {
(02:18)} a4 {(02:02)} 47. b4 {(01:40)} f5 {(00:34)}
48. exf5 {(01:20)} gxf5 {(00:08)} 49. Ra2 {(01:14)} Ke6 {
(00:15)} 50. Bf3 {(01:35)} Rf7 {(04:15)} 51. Ra1 {(
04:53)} Nd5 {(00:25)} 52. Bxh5 {(01:17)} Rh7 {(00:23)} 53.
Be8 {(00:51)} Rxh4+ {(00:24)} 54. Kg1 {(02:17)} Nc7 {
(00:15)} 55. Bf7+ {(09:29)} Kxf7 {(00:53)} 56. Rxf5+ {
(00:20)} Ke6 {(00:08)} 57. Rf2 {(00:25)} Nd5 {(00:
09)} 58. Ra2 {(02:04)} Nf4 {(00:12)} 59. Rd2 {(00:40)} Rc7
{(00:14)} 60. Rh2 {(00:56)} Rg7+ {(00:16)} 61. Kh1 {
(00:13)} Rxh2+ {(00:23)} 62. Kxh2 {(00:14)} Rg2+ {(
00:08)} 63. Kh1 {(00:18)} Kd5 64. c4+ {(00:52)} dxc3 {(00:
25)} 65. Ra1 {(00:44)} Kd4 {(00:17)} 0-1